 Dungeon Crawl Stone Soup version 0.27-a0-1529-g1e82c303ef (webtiles) character file.

Game seed: 9361385392770136266

261 Spaninq the Poker (level 6, -6/48 HPs)
             Began as a Merfolk Warper on July 11, 2021.
             Mangled by Grinder (7 damage)
             ... while paralysed by Grinder
             ... on level 3 of the Dungeon.
             The game lasted 00:10:53 (3220 turns).

Spaninq the Poker (Merfolk Warper)                  Turns: 3220, Time: 00:10:54

Health: -6/48      AC:  6    Str: 14    XL:     6   Next: 18%
Magic:  9/9        EV:  2    Int: 12    God:
Gold:   178        SH:  0    Dex: 13    Spells: 7/9 levels left

rFire    + . .     SeeInvis .   n - +0 trident
rCold    + + .     Faith    .   (no shield)
rNeg     . . .     Spirit   .   b - +2 robe {rF+}
rPois    .         Reflect  .   (helmet restricted)
rElec    .         Harm     .   (no cloak)
rCorr    .         Rampage  .   m - +1 pair of gloves
Will     .....                  (no boots)
Stlth    +.........             (no amulet)
HPRegen  0.16/turn              h - ring of protection from cold
MPRegen  0.11/turn              g - +4 ring of evasion

@: paralysed, hasted
A: (nimble swimmer 2), mertail, horns 1, cold resistance 1, wild magic 1
a: no special abilities


You were on level 3 of the Dungeon.
You visited 1 branch of the dungeon, and saw 3 of its levels.

You collected 178 gold pieces.

Inventory:

Hand Weapons
 n - a +0 trident (weapon)
Missiles
 d - 5 boomerangs of dispersal (quivered)
Armour
 b - a +2 robe of fire resistance (worn)
 i - a +0 scale mail
 m - a +1 pair of gloves (worn)
Jewellery
 g - a +4 ring of evasion (right hand)
 h - a ring of protection from cold (left hand)
Scrolls
 a - a scroll of identify
 c - a scroll of blinking
 e - 2 scrolls of teleportation
 f - a scroll of silence {unknown}
 o - a scroll of fear
Potions
 j - 2 potions of attraction {unknown}
 k - a potion of curing {unknown}


   Skills:
 + Level 3.8 Fighting
 * Level 6.7 Polearms
 - Level 1.0 Throwing
 - Level 0.6 Armour
 + Level 4.7 Dodging
 - Level 2.0 Spellcasting
 - Level 2.4 Translocations


You had 7 spell levels left.
You knew the following spells:

 Your Spells              Type           Power      Damage    Failure   Level
a - Blink                 Tloc           N/A        N/A       22%         2

Your spell library contained the following spells:

 Spells                   Type           Power      Damage    Failure   Level
 Gell's Gravitas          Tloc           4%         N/A       38%         3
 Lesser Beckoning         Tloc           4%         N/A       38%         3
 Teleport Other           Tloc           9%         N/A       38%         3
 Ozocubu's Armour         Ice            1%         N/A       71%         3
 Manifold Assault         Tloc           9%         N/A       98%         5
 Metabolic Englaciation   Hex/Ice        0%         N/A       100%        5
 Simulacrum               Ice/Necr       0%         N/A       100%        6


Dungeon Overview and Level Annotations

Branches:
Dungeon (3/15)

Altars:

Annotations:
D:3 Grinder


Innate Abilities, Weirdness & Mutations

((You are quick and stealthy near water. (Stealth+, EV+, Speed+++)))
Your lower body shifts to a powerful aquatic tail in water.
You have a pair of small horns on your head.
Your flesh is cold resistant. (rC+)
Your spells are a little harder to cast, but a little more powerful.


Message History

You barely miss Grinder. You headbutt Grinder.
Grinder is moderately wounded.
Grinder barely misses you.
You hit Grinder.
Grinder is heavily wounded.
You barely miss Grinder.
Grinder is heavily wounded.
Grinder barely misses you.
You closely miss Grinder.
Grinder is heavily wounded.
Grinder hits you!
You writhe in agony.
You hit Grinder but do no damage.
Grinder is heavily wounded.
You closely miss Grinder.
Grinder is heavily wounded.
Grinder closely misses you.
You hit Grinder. Your headbutt misses Grinder.
Grinder is heavily wounded.
Grinder hits you.
You writhe in agony.
You barely miss Grinder.
Grinder is heavily wounded.
You closely miss Grinder. You headbutt Grinder.
Grinder is heavily wounded.
Grinder barely misses you.
You puncture Grinder! Your headbutt misses Grinder.
Grinder is severely wounded.
Grinder gestures at you.
You suddenly lose the ability to move!
Grinder hits you but does no damage. Grinder gestures at you.
Pain shoots through your body!
* * * LOW HITPOINT WARNING * * *
Grinder hits you.
* * * LOW HITPOINT WARNING * * *
Grinder hits you.
* * * LOW HITPOINT WARNING * * *
You writhe in agony.
* * * LOW HITPOINT WARNING * * *
Grinder hits you!
You die...

>...........)....### #...##.
.......####.####..# #...##.
..........#.#####.###### #...##.
.......##.#............# #...##.
.#'####...#............# #...##.
.#.# #.###............# #...###
.#.####................####...###
..............................'†.
.#.##.....##....@.......###...###
.#.##.....##.....5......# #####
.#........##............#
.####.....##............#########
.# #.....##..............†......
.# ###############...#..........
.# #.....#.......... ##
###.#.#.#.######### #
#########......#...#


You could see Grinder.

Vanquished Creatures
  An orc priest (D:3)
  An iguana (D:3)
  Jessica (D:2)
  An orc wizard (D:3)
  Robin (D:3)
  3 gnolls (D:2)
  An adder (D:3)
  2 worms (D:3)
  A dart slug (D:2)
  3 orcs
  9 ball pythons
  4 bats
  6 endoplasms
  2 giant cockroaches
  10 hobgoblins
  5 jackals (D:3)
  7 kobolds
  4 quokkas
  6 frilled lizards
  11 goblins
  11 rats
90 creatures vanquished.

Notes
Turn   | Place    | Note
-------+----------+-------------------------------------------
     0 | D:1      | Spaninq the Merfolk Warper began the quest for the Orb.
     0 | D:1      | Reached XP level 1. HP: 16/16 MP: 3/3
   166 | D:1      | Reached XP level 2. HP: 23/23 MP: 5/5
   327 | D:1      | Reached skill level 4 in Polearms
   377 | D:1      | Reached XP level 3. HP: 27/28 MP: 6/6
  1273 | D:2      | Noticed Jessica
  1281 | D:2      | Gained mutation: Your spells are a little harder to cast,
                  | but a little more powerful. [potion of mutation]
  1281 | D:2      | Gained mutation: You have a pair of small horns on your
                  | head. [potion of mutation]
  1281 | D:2      | Gained mutation: Your flesh is cold resistant. (rC+)
                  | [potion of mutation]
  1287 | D:2      | Killed Jessica
  1288 | D:2      | Reached skill level 5 in Polearms
  1288 | D:2      | Reached XP level 4. HP: 27/32 MP: 7/7
  1852 | D:2      | Reached XP level 5. HP: 41/41 MP: 8/8
  2030 | D:3      | Noticed Robin
  2064 | D:3      | Killed Robin
  2498 | D:3      | Reached skill level 6 in Polearms
  2851 | D:3      | Reached XP level 6. HP: 48/48 MP: 9/9
  2970 | D:3      | Learned a level 2 spell: Blink
  3189 | D:3      | Noticed Grinder
  3215 | D:3      | Paralysed by Grinder for 6 turns
  3219 | D:3      | HP: 1/48 [Grinder (6)]
  3220 | D:3      | Mangled by Grinder

Illustrated notes

Levels and vault maps discovered:
D:1:      dpeg_arrival_tiny_h, layout_basic, minmay_box_of_dots
D:2:      layout_rooms, uniq_jessica
D:3:      layout_basic, minmay_misc_feat_encased, uniq_robin, uniq_grinder

Skill      XL: |  1  2  3  4  5 |
---------------+----------------+-----
Dodging        | 3 4 |  4.7
Polearms       | 4 5 6 |  6.7
Fighting       | 3 |  3.8
Throwing       | |  1.0
Armour         | |  0.6
Spellcasting   | |  2.0
Translocations | |  2.4

Action                   |  1- 3 |  4- 6 || total
-------------------------+-------+-------++-------
Melee: Spear             |   146 |       ||   146
       Trident           |    30 |   164 ||   194
       Headbutt          |       |    24 ||    24
  Use: Potion            |     5 |     2 ||     7
       Scroll            |       |     3 ||     3
 Stab: Sleeping          |       |     1 ||     1
Armor: Ring mail         |    23 |       ||    23
       Scale mail        |    25 |    41 ||    66
       Skin              |     6 |       ||     6
       Robe              |       |     2 ||     2
Dodge: Dodged            |    71 |    65 ||   136

Table legend: (Time is in decaauts)
 A = Elapsed time spent in this place.
 B = Non-inter-level travel time spent in this place.
 C = Inter-level travel time spent in this place.
 D = Time resting spent in this place.
 E = Time spent auto-exploring this place.
 F = Levels seen in this place.
 G = Mean time per level.
                   A        B        C        D        E       F      G
               +--------+--------+--------+--------+--------+-----+--------+
         Total |   3200 |   3075 |    125 |    393 |   1892 |   3 | 1066.7 |
       Dungeon |   3200 |   3075 |    125 |    393 |   1892 |   3 | 1066.7 |
               +--------+--------+--------+--------+--------+-----+--------+

Top non-repeatable levels by time:
     D:2: 1367 daAuts
     D:1: 931 daAuts
     D:3: 901 daAuts
